[ AOE2 MATCH · #506179892 ]
UnrankedHindustanis vs Mongols
Rival team · WIN
[ REPLAY ANALYSIS · EXTRACTED FROM THE RECORDED GAME ]
Feudal
8:53
Castle
24:54
Imperial
47:20
| APM avg | 68.0 |
| APM peak | 115 |
| eAPM avg | 35.3 |
| Villagers / military | 207 / 777 |
Focus
⚔️ 38.1% · 🌾 61.9%
Camel Scout ×278 · Skirmisher ×244 · Scout Cavalry ×232 · Ghulam ×18 · Monk ×2 · Trebuchet (Packed) ×2
Feudal
9:15
Castle
29:51
Imperial
47:20
| APM avg | 68.5 |
| APM peak | 109 |
| eAPM avg | 30.0 |
| Villagers / military | 246 / 390 |
Focus
⚔️ 42.6% · 🌾 57.4%
Scout Cavalry ×212 · Mangudai ×104 · Battering Ram ×23 · Archer ×14 · Trebuchet (Packed) ×11 · Spearman ×9
Match map
Initial resources + every placement click. Lines = walls · curves = elevation contours. ◆ gold · ⬟ stone · ● berries · ✦ relic · ◌ wall gap
Your base· Open — 1t gap
GAX | Ry4n's base· ✓ Closed at 29:51 · 58t walls · 1 gate(s)
Smoothed initial terrain · ◌ = detected wall gap · hover for details
Inputs per minute
— Gil-galad - - GAX | Ry4n
Build order — Gil-galad
First 150 of 769 actions detected
| 0:00 | Create | Villager (Male) |
| 0:00 | Create | Villager (Male) |
| 0:01 | Create | Villager (Male) |
| 0:02 | Build | House |
| 0:02 | Build | House |
| 0:06 | Create | Villager (Male) |
| 0:06 | Create | Villager (Male) |
| 1:05 | Create | Villager (Male) |
| 1:05 | Create | Villager (Male) |
| 1:36 | Create | Villager (Male) |
| 1:36 | Create | Villager (Male) |
| 1:43 | Build | Lumber Camp |
| 1:53 | Create | Villager (Male) |
| 1:53 | Create | Villager (Male) |
| 2:23 | Create | Villager (Male) |
| 2:51 | Create | Villager (Male) |
| 3:13 | Create | Villager (Male) |
| 3:13 | Create | Villager (Male) |
| 3:25 | Build | House |
| 3:48 | Build | Palisade Wall |
| 3:58 | Create | Villager (Male) |
| 3:58 | Create | Villager (Male) |
| 4:15 | Build | Palisade Wall |
| 4:32 | Create | Villager (Male) |
| 4:32 | Create | Villager (Male) |
| 4:32 | Create | Villager (Male) |
| 4:44 | Create | Villager (Male) |
| 4:44 | Create | Villager (Male) |
| 4:52 | Build | Mill |
| 4:55 | Create | Villager (Male) |
| 4:55 | Create | Villager (Male) |
| 5:46 | Research | Loom |
| 5:49 | Build | House |
| 6:11 | Build | Palisade Wall |
| 6:28 | Build | Palisade Wall |
| 6:34 | Build | Palisade Wall |
| 6:43 | Research | Feudal Age |
| 6:51 | Build | Palisade Wall |
| 6:52 | Build | Palisade Wall |
| 7:04 | Build | Palisade Wall |
| 7:20 | Create | Villager (Male) |
| 7:33 | Build | Palisade Wall |
| 7:37 | Build | Palisade Wall |
| 8:08 | Build | Barracks |
| 8:20 | Build | House |
| 8:35 | Build | House |
| 8:53 | Age | Feudal Age |
| 9:20 | Build | Stable |
| 9:22 | Create | Villager (Male) |
| 9:36 | Research | Double-Bit Axe |
| 9:37 | Create | Villager (Male) |
| 9:51 | Build | House |
| 10:08 | Create | Villager (Male) |
| 10:12 | Build | Palisade Wall |
| 10:12 | Build | Palisade Wall |
| 10:13 | Build | Palisade Wall |
| 10:13 | Build | Palisade Wall |
| 10:14 | Build | Palisade Wall |
| 10:19 | Create | Scout Cavalry |
| 10:24 | Create | Villager (Male) |
| 10:32 | Create | Scout Cavalry |
| 10:35 | Create | Villager (Male) |
| 10:42 | Research | Horse Collar |
| 10:53 | Build | Lumber Camp |
| 11:12 | Create | Scout Cavalry |
| 11:26 | Build | House |
| 11:28 | Build | House |
| 11:30 | Build | Palisade Wall |
| 11:37 | Create | Villager (Male) |
| 11:52 | Create | Villager (Male) |
| 12:03 | Build | Archery Range |
| 12:26 | Create | Villager (Male) |
| 12:46 | Create | Villager (Male) |
| 12:52 | Create | Skirmisher |
| 13:02 | Build | Farm |
| 13:03 | Build | Farm |
| 13:08 | Build | Farm |
| 13:09 | Create | Skirmisher |
| 13:16 | Build | Farm |
| 13:18 | Build | Farm |
| 13:24 | Create | Villager (Male) |
| 13:24 | Create | Villager (Male) |
| 13:35 | Create | Skirmisher |
| 13:47 | Build | Farm |
| 13:48 | Build | Farm |
| 13:56 | Create | Villager (Male) |
| 13:56 | Create | Villager (Male) |
| 14:10 | Create | Villager (Male) |
| 14:11 | Create | Villager (Male) |
| 14:15 | Build | Blacksmith |
| 14:21 | Create | Skirmisher |
| 14:31 | Create | Villager (Male) |
| 14:32 | Create | Villager (Male) |
| 14:52 | Create | Skirmisher |
| 14:55 | Create | Villager (Male) |
| 15:09 | Build | Blacksmith |
| 15:29 | Create | Villager (Male) |
| 15:53 | Create | Villager (Male) |
| 16:04 | Create | Villager (Male) |
| 16:19 | Build | Farm |
| 16:24 | Create | Villager (Male) |
| 16:32 | Build | Mill |
| 16:32 | Build | Farm |
| 16:32 | Build | Farm |
| 16:33 | Build | Farm |
| 16:33 | Build | Farm |
| 16:33 | Build | Farm |
| 16:33 | Build | Farm |
| 16:34 | Build | Farm |
| 16:45 | Build | Mining Camp |
| 16:49 | Build | House |
| 17:02 | Create | Villager (Male) |
| 17:11 | Build | Outpost |
| 17:15 | Build | Outpost |
| 17:16 | Create | Villager (Male) |
| 17:19 | Build | Farm |
| 17:43 | Build | Market |
| 17:50 | Build | Palisade Wall |
| 17:57 | Create | Villager (Male) |
| 18:08 | Research | Padded Archer Armor |
| 18:09 | Research | Fletching |
| 18:18 | Build | Watch Tower |
| 18:27 | Create | Skirmisher |
| 18:27 | Create | Skirmisher |
| 18:50 | Create | Villager (Male) |
| 18:52 | Create | Skirmisher |
| 19:15 | Build | Market |
| 19:18 | Build | Mining Camp |
| 19:20 | Create | Villager (Male) |
| 19:38 | Build | Farm |
| 19:40 | Create | Villager (Male) |
| 19:45 | Build | Mining Camp |
| 19:57 | Create | Villager (Male) |
| 20:06 | Build | Palisade Wall |
| 20:19 | Build | Lumber Camp |
| 20:26 | Create | Villager (Male) |
| 20:27 | Create | Skirmisher |
| 20:27 | Create | Skirmisher |
| 20:55 | Build | Farm |
| 20:56 | Build | House |
| 21:11 | Build | House |
| 22:07 | Build | Watch Tower |
| 22:14 | Research | Castle Age |
| 22:14 | Research | Castle Age |
| 22:15 | Research | Castle Age |
| 22:19 | Create | Skirmisher |
| 22:40 | Create | Skirmisher |
| 22:52 | Build | Watch Tower |
| 23:23 | Create | Villager (Male) |
| 23:55 | Build | Archery Range |
Build order — GAX | Ry4n
First 150 of 957 actions detected
| 0:00 | Create | Villager (Male) |
| 0:00 | Create | Villager (Male) |
| 0:02 | Build | House |
| 0:02 | Build | House |
| 0:12 | Create | Villager (Male) |
| 0:12 | Create | Villager (Male) |
| 1:23 | Create | Villager (Male) |
| 1:23 | Create | Villager (Male) |
| 1:44 | Build | Lumber Camp |
| 1:48 | Create | Villager (Male) |
| 2:08 | Create | Villager (Male) |
| 2:28 | Create | Villager (Male) |
| 3:09 | Create | Villager (Male) |
| 3:23 | Create | Villager (Male) |
| 3:48 | Build | House |
| 4:00 | Create | Villager (Male) |
| 4:16 | Create | Villager (Male) |
| 4:16 | Create | Villager (Male) |
| 4:24 | Build | House |
| 4:32 | Create | Villager (Male) |
| 4:32 | Create | Villager (Male) |
| 4:36 | Create | Villager (Male) |
| 4:38 | Build | Mill |
| 5:47 | Create | Villager (Male) |
| 6:19 | Build | Barracks |
| 6:20 | Build | House |
| 6:30 | Research | Loom |
| 6:39 | Build | Palisade Wall |
| 6:42 | Build | Palisade Wall |
| 6:48 | Research | Feudal Age |
| 7:15 | Create | Militia |
| 7:15 | Create | Militia |
| 7:16 | Build | Palisade Wall |
| 7:41 | Create | Militia |
| 7:47 | Build | Palisade Wall |
| 7:48 | Build | Palisade Wall |
| 7:48 | Build | Palisade Wall |
| 7:52 | Build | Palisade Wall |
| 7:53 | Build | Palisade Wall |
| 7:54 | Build | House |
| 8:14 | Build | Mining Camp |
| 8:50 | Create | Villager (Male) |
| 8:50 | Create | Villager (Male) |
| 9:15 | Age | Feudal Age |
| 9:19 | Research | Man-at-Arms (upgrade) |
| 9:27 | Build | Archery Range |
| 9:40 | Build | House |
| 9:51 | Create | Villager (Male) |
| 9:53 | Create | Villager (Male) |
| 10:08 | Build | Watch Tower |
| 10:09 | Create | Archer |
| 10:09 | Create | Archer |
| 10:16 | Build | Palisade Wall |
| 10:18 | Create | Villager (Male) |
| 10:20 | Build | House |
| 10:21 | Build | Palisade Wall |
| 10:30 | Create | Villager (Male) |
| 10:36 | Create | Spearman |
| 10:47 | Create | Villager (Male) |
| 11:18 | Create | Archer |
| 11:22 | Create | Villager (Male) |
| 11:28 | Build | Mining Camp |
| 11:33 | Create | Archer |
| 11:39 | Create | Villager (Male) |
| 11:46 | Build | Palisade Wall |
| 11:46 | Build | Palisade Wall |
| 11:47 | Build | Palisade Wall |
| 11:47 | Build | Palisade Wall |
| 11:58 | Create | Villager (Male) |
| 12:07 | Create | Spearman |
| 12:12 | Build | House |
| 12:19 | Create | Archer |
| 12:24 | Create | Villager (Male) |
| 12:50 | Create | Spearman |
| 12:56 | Create | Villager (Male) |
| 13:02 | Build | Palisade Wall |
| 13:24 | Create | Villager (Male) |
| 13:28 | Build | Palisade Wall |
| 13:45 | Create | Villager (Male) |
| 13:59 | Build | Watch Tower |
| 14:00 | Create | Villager (Male) |
| 14:01 | Create | Archer |
| 14:01 | Create | Archer |
| 14:12 | Build | House |
| 14:13 | Create | Villager (Male) |
| 14:13 | Create | Villager (Male) |
| 14:26 | Build | Palisade Wall |
| 14:27 | Build | Palisade Wall |
| 14:27 | Build | Palisade Wall |
| 14:28 | Build | Palisade Wall |
| 14:33 | Create | Villager (Male) |
| 14:35 | Build | Farm |
| 14:35 | Build | Farm |
| 14:37 | Create | Villager (Male) |
| 15:29 | Create | Villager (Male) |
| 15:37 | Build | Farm |
| 15:38 | Build | Farm |
| 15:55 | Build | Blacksmith |
| 15:56 | Create | Villager (Male) |
| 15:56 | Create | Villager (Male) |
| 16:22 | Research | Fletching |
| 16:44 | Build | Mining Camp |
| 16:54 | Create | Spearman |
| 16:59 | Build | House |
| 17:17 | Create | Archer |
| 17:20 | Build | Farm |
| 17:21 | Build | Farm |
| 17:21 | Create | Villager (Male) |
| 17:39 | Build | Farm |
| 18:06 | Build | Watch Tower |
| 18:10 | Create | Villager (Male) |
| 18:18 | Create | Archer |
| 18:19 | Create | Archer |
| 18:50 | Create | Villager (Male) |
| 18:54 | Build | Watch Tower |
| 19:05 | Create | Archer |
| 19:06 | Create | Villager (Male) |
| 19:08 | Build | Stable |
| 19:11 | Create | Villager (Male) |
| 19:22 | Create | Archer |
| 19:29 | Create | Archer |
| 19:34 | Build | Farm |
| 19:34 | Build | Farm |
| 19:39 | Build | Market |
| 19:44 | Create | Villager (Male) |
| 19:44 | Create | Villager (Male) |
| 19:53 | Build | Palisade Wall |
| 19:53 | Build | Palisade Wall |
| 19:54 | Build | Palisade Wall |
| 19:54 | Build | Palisade Wall |
| 20:03 | Build | Farm |
| 20:24 | Create | Villager (Male) |
| 20:24 | Create | Villager (Male) |
| 20:26 | Build | Watch Tower |
| 20:33 | Build | House |
| 20:37 | Create | Scout Cavalry |
| 20:40 | Build | House |
| 20:46 | Create | Villager (Male) |
| 20:49 | Build | Mill |
| 20:50 | Build | Farm |
| 20:50 | Build | Farm |
| 20:50 | Build | Farm |
| 20:50 | Build | Farm |
| 20:51 | Build | Farm |
| 21:06 | Build | House |
| 21:07 | Build | House |
| 21:17 | Create | Scout Cavalry |
| 21:23 | Build | House |
| 21:34 | Create | Villager (Male) |
| 21:34 | Create | Villager (Male) |
Match timeline
| 3:48 | Gil-galad · wall_segment Palisade Wall x2 |
| 4:15 | Gil-galad · wall_segment Palisade Wall x9 |
| 6:11 | Gil-galad · wall_segment Palisade Wall x4 |
| 6:19 | GAX | Ry4n · first_building Barracks |
| 6:28 | Gil-galad · wall_segment Palisade Wall x5 |
| 6:34 | Gil-galad · wall_segment Palisade Wall x3 |
| 6:39 | GAX | Ry4n · wall_segment Palisade Wall x3 |
| 6:42 | GAX | Ry4n · wall_segment Palisade Wall x7 |
| 6:51 | Gil-galad · wall_segment Palisade Wall x1 |
| 6:52 | Gil-galad · wall_segment Palisade Wall x1 |
| 7:04 | Gil-galad · wall_segment Palisade Wall x4 |
| 7:16 | GAX | Ry4n · wall_segment Palisade Wall x1 |
| 7:33 | Gil-galad · wall_segment Palisade Wall x2 |
| 7:37 | Gil-galad · wall_segment Palisade Wall x7 |
| 7:47 | GAX | Ry4n · wall_segment Palisade Wall x1 |
| 7:48 | GAX | Ry4n · wall_segment Palisade Wall x1 |
| 7:48 | GAX | Ry4n · wall_segment Palisade Wall x1 |
| 7:52 | GAX | Ry4n · wall_segment Palisade Wall x1 |
| 7:53 | GAX | Ry4n · wall_segment Palisade Wall x1 |
| 8:08 | Gil-galad · first_building Barracks |
| 8:53 | Gil-galad · age_up feudal |
| 9:15 | GAX | Ry4n · age_up feudal |
| 9:20 | Gil-galad · first_building Stable |
| 9:27 | GAX | Ry4n · first_building Archery Range |
| 10:12 | Gil-galad · wall_segment Palisade Wall x1 |
| 10:12 | Gil-galad · wall_segment Palisade Wall x1 |
| 10:13 | Gil-galad · wall_segment Palisade Wall x1 |
| 10:13 | Gil-galad · wall_segment Palisade Wall x1 |
| 10:14 | Gil-galad · wall_segment Palisade Wall x1 |
| 10:16 | GAX | Ry4n · wall_segment Palisade Wall x9 |
| 10:21 | GAX | Ry4n · wall_segment Palisade Wall x5 |
| 11:30 | Gil-galad · wall_segment Palisade Wall x2 |
| 11:46 | GAX | Ry4n · wall_segment Palisade Wall x1 |
| 11:46 | GAX | Ry4n · wall_segment Palisade Wall x1 |
| 11:47 | GAX | Ry4n · wall_segment Palisade Wall x1 |
| 11:47 | GAX | Ry4n · wall_segment Palisade Wall x1 |
| 12:03 | Gil-galad · first_building Archery Range |
| 13:02 | GAX | Ry4n · wall_segment Palisade Wall x1 |
| 13:28 | GAX | Ry4n · wall_segment Palisade Wall x8 |
| 14:26 | GAX | Ry4n · wall_segment Palisade Wall x1 |
| 14:27 | GAX | Ry4n · wall_segment Palisade Wall x1 |
| 14:27 | GAX | Ry4n · wall_segment Palisade Wall x1 |
| 14:28 | GAX | Ry4n · wall_segment Palisade Wall x1 |
| 17:50 | Gil-galad · wall_segment Palisade Wall x7 |
| 19:08 | GAX | Ry4n · first_building Stable |
| 19:53 | GAX | Ry4n · wall_segment Palisade Wall x1 |
| 19:53 | GAX | Ry4n · wall_segment Palisade Wall x1 |
| 19:54 | GAX | Ry4n · wall_segment Palisade Wall x1 |
| 19:54 | GAX | Ry4n · wall_segment Palisade Wall x1 |
| 20:06 | Gil-galad · wall_segment Palisade Wall x1 |
| 21:13 | GAX | Ry4n · first_market_buy 100 stone |
| 23:25 | GAX | Ry4n · first_market_sell 100 wood |
| 24:07 | GAX | Ry4n · wall_segment Palisade Wall x1 |
| 24:07 | GAX | Ry4n · wall_segment Palisade Wall x1 |
| 24:08 | GAX | Ry4n · wall_segment Palisade Wall x1 |
| 24:54 | Gil-galad · age_up castle |
| 25:33 | GAX | Ry4n · wall_segment Palisade Wall x2 |
| 27:15 | GAX | Ry4n · wall_segment Palisade Wall x1 |
| 27:23 | GAX | Ry4n · wall_segment Palisade Wall x1 |
| 27:55 | Gil-galad · first_market_sell 500 food |
| 27:56 | Gil-galad · first_market_buy 500 stone |
| 28:25 | GAX | Ry4n · wall_segment Palisade Wall x1 |
| 28:26 | Gil-galad · first_building Castle |
| 29:51 | GAX | Ry4n · age_up castle |
| 29:54 | GAX | Ry4n · first_building Castle |
| 30:16 | GAX | Ry4n · first_building Siege Workshop |
| 31:24 | GAX | Ry4n · wall_segment Palisade Wall x1 |
| 32:10 | GAX | Ry4n · wall_segment Palisade Wall x1 |
| 32:22 | GAX | Ry4n · wall_segment Palisade Wall x1 |
| 32:23 | GAX | Ry4n · wall_segment Palisade Wall x1 |
| 36:06 | GAX | Ry4n · wall_segment Stone Wall x1 |
| 36:09 | GAX | Ry4n · wall_segment Stone Wall x7 |
| 36:19 | GAX | Ry4n · wall_segment Stone Wall x7 |
| 36:36 | GAX | Ry4n · wall_segment Stone Wall x1 |
| 39:43 | Gil-galad · first_building Monastery |
| 41:42 | GAX | Ry4n · first_building Monastery |
| 46:55 | Gil-galad · wall_segment Palisade Wall x1 |
| 47:20 | GAX | Ry4n · age_up imperial |
| 47:20 | Gil-galad · age_up imperial |
| 49:48 | Gil-galad · wall_segment Palisade Wall x1 |
| 50:16 | Gil-galad · wall_segment Palisade Wall x4 |
| 50:18 | Gil-galad · wall_segment Palisade Wall x3 |
| 56:00 | Gil-galad · wall_segment Palisade Wall x1 |
| 56:36 | GAX | Ry4n · wall_segment Palisade Wall x1 |
| 56:48 | GAX | Ry4n · wall_segment Stone Wall x1 |
| 56:49 | GAX | Ry4n · wall_segment Stone Wall x1 |
| 63:34 | Gil-galad · wall_segment Stone Wall x6 |
| 68:56 | GAX | Ry4n · wall_segment Stone Wall x23 |
| 68:59 | GAX | Ry4n · wall_segment Stone Wall x10 |
| 69:55 | GAX | Ry4n · wall_segment Palisade Wall x1 |
| 71:17 | Gil-galad · resign |
[ AI ANALYSIS · 1 CREDIT ]
What really happened in this match?
Wolo.gg analyzes every decision: build order, eco, micro, common mistakes by bracket. Personalized analysis on WhatsApp or Discord in 30 seconds.
Civ guide
Hindustanis
Perfil
Jugador #322559